 Dungeon Crawl Stone Soup version 0.19.1 (webtiles) character file.

23 Gargo the Digger (level 2, -3/15 HPs)
             Began as a Gargoyle Earth Elementalist on Dec 5, 2016.
             Slain by a hobgoblin
             ... wielding a +0 spear
              (4 damage)
             ... on level 1 of the Dungeon.
             The game lasted 00:02:24 (551 turns).

Gargo the Digger (Gargoyle Earth Elementalist)       Turns: 551, Time: 00:02:25

Health: -3/15      AC:  4    Str: 11    XL:     2   Next: 95%
Magic:  1/5        EV: 12    Int: 15    God:
Gold:   6          SH:  0    Dex: 10    Spells: 1 memorised, 5 levels left

rFire  . . .     SeeInvis .     a - +0 club
rCold  . . .     Gourm    .     c - +0 robe
rNeg   + . .     Faith    .     (no shield)
rPois  ∞         Spirit   .     (no helmet)
rElec  +         Reflect  .     (no cloak)
rCorr  .         Harm     .     (no gloves)
MR     .....                    (no boots)
Stlth  ++........               (no amulet)
                                (no ring)
                                (no ring)

@: no status effects
A: negative energy resistance 1, electricity resistance, unbreathing,
petrification resistance, rot immunity, AC +2
a: no special abilities


You were on level 1 of the Dungeon.
You were not hungry.

You visited 1 branch of the dungeon, and saw 2 of its levels.

You collected 6 gold pieces.

Inventory:

Hand Weapons
 a - a +0 club (weapon)
Missiles
 b - 50 stones (quivered)
 f - 21 poisoned needles
Armour
 c - a +0 robe (worn)
Scrolls
 g - a scroll of enchant armour {unknown}
Books
 e - a book of Geomancy

   Spells                             Type                      Level
   a - Sandblast                      Earth                        1
   b - Passwall                       Transmutation/Earth          2
   c - Stone Arrow                    Conjuration/Earth            3
   d - Petrify                        Transmutation/Earth          4
   e - Lee's Rapid Deconstruction     Earth                        5
Comestibles
 d - a bread ration


   Skills:
 - Level 1.5 Dodging
 - Level 2.1 Stealth
 * Level 2.7 Spellcasting
   Level 0.7 Transmutations
 + Level 4.1 Earth Magic


You had 5 spell levels left.
You knew the following spells:

 Your Spells              Type           Power        Failure   Level  Hunger
a - Sandblast             Erth           ##....       4%          1    #......


Dungeon Overview and Level Annotations

Branches:
Dungeon (2/15)

Altars:


Innate Abilities, Weirdness & Mutations

You are resistant to torment.
Your stone body is resilient. (AC +2)
You are immune to poison.
You resist negative energy. (rN+)
You are resistant to electric shocks. (rElec)
You can survive without breathing.
You are immune to petrification.
You are immune to rotting.


Message History

You barely miss the kobold.
The kobold is heavily wounded.
The hobgoblin closely misses you. The kobold hits you but does no damage.
The hobgoblin hits you from afar with a spear.
* * * LOW HITPOINT WARNING * * *
Casting: Sandblast
Confirm with . or Enter, or press ? or * to list all spells.
Aiming: Sandblast
Press: ? - help, Shift-Dir - straight line, f - kobold
Aim: a kobold, wielding a dagger (heavily wounded)
The blast of sand hits the kobold.
You kill the kobold!
The hobgoblin barely misses you.
You are too injured to fight recklessly!
The hobgoblin hits you with a spear.
* * * LOW HITPOINT WARNING * * *
Items here: ( )) †† a dagger; a club; 6 stones; a kobold corpse x2
You hit the hobgoblin but do no damage. The hobgoblin hits you with a spear.
You die...

.## #.# ### ... ...
#.# #.# ..>...
###### #.####.#.#.##
.....# #......g....#
..##.# ##@# #. ..#
<..#.### #(## #.
#..# ...#...#
#(####.####..
.#.###.#
#...##....... ..#
##.# #.#
###.###.###.# #..#
...# #.# #.......#.#
#..# .#####.#
#..##.#.#.###..#
....##.#
.....##......##..#
....##.#
#.###.#####........#


You could see a hobgoblin.

Vanquished Creatures
  An adder (D:2)
  An ooze (D:1)
  A leopard gecko (D:1)
  A giant cockroach (D:1)
  A hobgoblin (D:1)
  3 kobolds (D:1)
  2 rats (D:1)
10 creatures vanquished.

Notes
Turn   | Place    | Note
-------+----------+-------------------------------------------
     0 | D:1      | Gargo the Gargoyle Earth Elementalist began the quest for the Orb.
     0 | D:1      | Reached XP level 1. HP: 10/10 MP: 3/3
    62 | D:2      | Reached XP level 2. HP: 15/15 MP: 3/5
    95 | D:1      | Reached skill level 4 in Earth Magic
   551 | D:1      | Slain by a hobgoblin

Skill      XL: |  1  2 |
---------------+-------+-----
Earth Magic    | 4 |  4.1
Dodging        | |  1.5
Stealth        | |  2.1
Spellcasting   | |  2.7
Transmutations | |  0.7

Action                   || total
-------------------------++-------
Melee: Unarmed           ||    14
       Club              ||    13
 Cast: Sandblast         ||    21
Armor: Robe              ||    14
Dodge: Dodged            ||    26
